Map: [ESL] Babylon

Players

NightPhoenix

  • Race: Protoss Protoss
  • Spawn Location: 11:00

Strange - Winner!

  • Race: Protoss Protoss
  • Spawn Location: 5:00

Event: ESL SC2 Masters 2023 Summer (Regionals)

VOD

Have the link to the VOD?

Description

Time

  • Played on: May 5, 2023, 11:22 a.m.
  • Length: 9:00

All games in this series

Show
View Real Time Build Order
Export as new Build Order

NightPhoenix Protoss 

Build Orders: Oracle Opening 

Get SALT Encoding   

  12  0:00  Probe  
  13  0:12  Probe  
  14  0:17  Pylon  
  14  0:24  Probe (Chrono Boost)  
  15  0:36  Probe (Chrono Boost)  
  15  0:37  Gateway  
  16  0:45  Probe (Chrono Boost)  
  16  0:46  Assimilator  
  17  0:51  Probe  
  17  0:54  Assimilator  
  18  1:03  Probe (Chrono Boost)  
  19  1:08  Gateway  
  19  1:13  Probe (Chrono Boost)  
  20  1:18  Probe (Chrono Boost)  
  20  1:25  Cybernetics Core  
  21  1:30  Probe  
  22  1:36  Pylon  
  22  1:45  Probe  
  23  1:58  Probe  
  23  2:01  Stalker x2  
  28  2:04  Warp Gate  
  28  2:10  Probe  
  29  2:17  Pylon  
  29  2:30  Adept  
  29  2:34  Stargate  
  29  2:36  Adept  
  33  3:02  Nexus  
  33  3:09  Probe  
  34  3:14  Pylon  
  34  3:17  Oracle (Chrono Boost)  
  34  3:25  Probe  
  38  3:37  Probe  
  35  3:50  Oracle (Chrono Boost)  
  35  3:54  Probe  
  39  4:02  Twilight Council  
  37  4:03  Stalker x2  
  37  4:06  Probe  
  42  4:15  Probe  
  43  4:18  Probe  
  44  4:27  Probe (Chrono Boost)  
  44  4:30  Probe (Chrono Boost)  
  46  4:32  Blink (Chrono Boost)  
  46  4:33  Pylon, Assimilator  
  47  4:39  Probe (Chrono Boost)  
  47  4:41  Probe (Chrono Boost)  
  47  4:44  Probe (Chrono Boost)  
  49  4:55  Probe x2  
  51  5:00  Gateway  
  51  5:04  Gateway  
  51  5:07  Probe x2  
  51  5:09  Stalker x2  
  57  5:14  Pylon  
  57  5:19  Probe x2  
  59  5:26  Gateway  
  59  5:30  Gateway  
  59  5:33  Probe x2  
  61  5:36  Stalker  
  61  5:39  Stalker  
  65  5:47  Assimilator  
  65  5:50  Pylon  
  65  5:55  Stalker  
  67  6:00  Stalker x2  
  67  6:04  Stalker  
  73  6:06  Pylon  
  73  6:19  Stalker  
  73  6:22  Stalker  
  77  6:28  Stalker x3  
  79  6:42  Probe x2  
  81  6:53  Nexus  
  81  7:05  Stalker x5  
  91  7:12  Probe x2  
  93  7:21  Shield Battery  
  93  7:22  Shield Battery  
  89  7:24  Probe x2, Shield Battery  
  89  7:26  Shield Battery  
  91  7:34  Sentry  
  89  7:40  Stalker x2  
  89  7:46  Stalker x2  
  93  7:53  Stalker  
  93  7:57  Sentry  
  94  8:02  Pylon  
  94  8:05  Sentry  
  94  8:06  Sentry  
  94  8:10  Stalker x2  
  102  8:18  Stalker  
  104  8:23  Stalker  
  104  8:24  Pylon  
  106  8:27  Pylon  
  106  8:29  Stalker  
  106  8:40  Stalker x3  
  98  8:47  Stalker x2  
  84  8:54  Stalker  
Show
View Real Time Build Order
Export as new Build Order

Strange Protoss - Winner!

Build Orders: Phoenix Opening 

Get SALT Encoding   

  12  0:00  Probe  
  13  0:12  Probe  
  14  0:17  Pylon  
  14  0:24  Probe (Chrono Boost)  
  15  0:36  Probe (Chrono Boost), Gateway  
  16  0:44  Probe (Chrono Boost)  
  16  0:46  Assimilator  
  17  0:51  Probe  
  17  0:54  Assimilator  
  18  1:03  Probe (Chrono Boost)  
  19  1:08  Gateway  
  19  1:12  Probe (Chrono Boost)  
  19  1:17  Probe (Chrono Boost)  
  20  1:24  Cybernetics Core  
  21  1:29  Probe  
  22  1:35  Pylon  
  22  1:41  Probe  
  23  1:53  Probe  
  24  2:01  Stalker, Sentry  
  28  2:05  Pylon  
  28  2:06  Warp Gate (Chrono Boost)  
  28  2:07  Probe  
  29  2:19  Probe  
  30  2:24  Stalker  
  30  2:28  Pylon  
  32  2:32  Phoenix  
  32  2:35  Probe  
  33  2:39  Sentry  
  35  2:50  Nexus  
  35  2:56  Probe  
  36  3:03  Pylon, Sentry  
  38  3:09  Probe (Chrono Boost)  
  39  3:15  Shield Battery  
  39  3:22  Probe (Chrono Boost)  
  40  3:29  Probe (Chrono Boost)  
  40  3:32  Twilight Council  
  41  3:36  Probe  
  40  3:48  Stalker x2  
  40  3:51  Probe  
  45  4:03  Probe x2  
  45  4:06  Blink (Chrono Boost)  
  47  4:14  Assimilator  
  47  4:15  Probe x2  
  47  4:16  Stalker  
  51  4:24  Assimilator  
  51  4:26  Forge  
  51  4:27  Probe  
  51  4:28  Probe  
  53  4:35  Robotics Facility  
  53  4:39  Probe  
  53  4:40  Probe  
  53  4:44  Pylon  
  55  4:51  Probe, Protoss Ground Weapons Level 1 (Chrono Boost)  
  55  4:52  Probe  
  56  4:56  Stalker  
  58  5:03  Probe, Pylon  
  58  5:04  Probe  
  60  5:15  Probe  
  60  5:16  Probe  
  60  5:18  Stalker  
  60  5:20  Pylon  
  64  5:22  Observer (Chrono Boost)  
  64  5:27  Gateway  
  64  5:28  Gateway  
  65  5:35  Immortal (Chrono Boost)  
  65  5:40  Sentry  
  71  5:52  Pylon  
  71  5:54  Sentry  
  73  5:58  Pylon  
  73  6:06  Gateway  
  73  6:07  Gateway  
  73  6:08  Stalker  
  75  6:12  Immortal  
  79  6:25  Stalker x2, Sentry  
  81  6:31  Protoss Ground Weapons Level 2 (Chrono Boost)  
  85  6:43  Pylon  
  85  6:44  Pylon, Photon Cannon  
  85  6:48  Photon Cannon  
  85  6:49  Stalker, Sentry  
  85  6:50  Resonating Glaives  
  89  6:57  Pylon  
  89  6:59  Observer  
  87  7:03  Immortal  
  91  7:24  Stalker x4  
  99  7:38  Observer  
  99  7:46  Warp Prism  
  99  7:51  Pylon  
  98  7:57  Stalker x5  
  108  8:01  Sentry  
  110  8:06  Pylon  
  110  8:20  Stalker x3  
  108  8:45  Stalker x5  
Tags
 
Add a new tag
Caveats
  • Supply blocks, unpowered buildings, or Contaminate may cause inaccurate times.
  • Supply counts are checked every 10 seconds.